 Dungeon Crawl Stone Soup version 0.26.1-12-g5ba1501909 (webtiles) character file.

Game seed: 5631241819167064461

189 Zeld the Chucker (level 5, -2/50 HPs)
             Began as a Troll Hunter on Oct 28, 2021.
             Killed by divine providence
             ... invoked by an orc priest
              (9 damage)
             ... on level 3 of the Dungeon.
             The game lasted 00:04:20 (2166 turns).

Zeld the Chucker (Troll Hunter)                     Turns: 2166, Time: 00:04:21

Health: -2/50      AC:  6    Str: 21    XL:     5   Next: 40%
Magic:  4/4        EV: 10    Int:  7    God:
Gold:   125        SH:  0    Dex: 10    Spells: 4/4 levels left

rFire    . . .     SeeInvis .   a - +0 mace
rCold    . . .     Faith    .   (no shield)
rNeg     . . .     Spirit   .   b - +0 robe
rPois    .         Reflect  .   (helmet restricted)
rElec    .         Harm     .   (no cloak)
rCorr    .         Rampage  .   (gloves unavailable)
Will     .....                  (boots unavailable)
Stlth    +.........             (no amulet)
HPRegen  0.56/turn              (no ring)
MPRegen  0.09/turn              (no ring)

@: no status effects
A: large, unfitting armour, claws 3, regeneration 1, shaggy fur 1, tough skin 3
a: no special abilities


You were on level 3 of the Dungeon.
You visited 1 branch of the dungeon, and saw 3 of its levels.

You collected 125 gold pieces.

Inventory:

Hand Weapons
 a - a +0 mace (weapon)
Missiles
 c - 8 large rocks (quivered)
 d - 2 throwing nets
 n - 23 poisoned darts
Armour
 b - a +0 robe (worn)
Scrolls
 f - a scroll of remove curse {unknown}
 g - 3 scrolls of teleportation {unknown}
 h - 2 scrolls of blinking {unknown}
 j - 4 scrolls of identify {unknown}
 l - a scroll of magic mapping {unknown}
 o - a scroll of enchant weapon {unknown}
Potions
 e - a potion of haste {unknown}
 i - a potion of attraction {unknown}
 k - 4 potions of curing {unknown}
 m - a potion of might {unknown}
 p - a potion of flight {unknown}


   Skills:
 + Level 2.5 Fighting
 + Level 1.8 Maces & Flails
 + Level 4.2 Throwing
 + Level 2.5 Dodging
 + Level 1.3 Stealth


You had 4 spell levels left.
You didn't know any spells.
Your spell library was empty.

Dungeon Overview and Level Annotations

Branches:
Dungeon (3/15)

Altars:


Innate Abilities, Weirdness & Mutations

You are too large for most types of armour.
You have claws for hands.
Your natural rate of healing is unusually fast.
You are covered in fur. (AC +1)
You have extremely tough skin. (AC +3)


Message History

You are too injured to fight recklessly!
You hit the orc priest but do no damage.
The orc priest is moderately wounded.
The orc priest hits you with a +0 mace!
* * * LOW HITPOINT WARNING * * *
The orc priest hits you with a +0 mace.
* * * LOW HITPOINT WARNING * * *
You barely miss the orc priest.
The orc priest is moderately wounded.
The orc priest barely misses you.
You are too injured to fight recklessly!
The orc priest looks braver for a moment.
The orc priest calls upon Beogh to heal the orc priest.
The orc priest's wounds heal themselves!
The orc priest invokes the aid of Beogh against you.
Beogh smites you!
* * * LOW HITPOINT WARNING * * *
The orc priest mumbles some strange prayers to Beogh against you.
Beogh smites you!
You die...

##.#......
#.#######
#.#
##########.#
#.........>#
#.##########
#.# #.# #@#
#.# #.# #.#
#o#
#.########
#.o.o.o.K#
########.#
#.#


You could see 2 orc priests.

Vanquished Creatures
  Jessica (D:2)
  Robin (D:2)
  4 gnolls
  3 adders
  A worm (D:2)
  3 dart slugs
  An orc (D:3)
  9 bats
  2 giant cockroaches (D:1)
  20 goblins
  9 hobgoblins
  6 jackals
  6 kobolds
  4 frilled lizards
  3 rats (D:2)
73 creatures vanquished.

Vanquished Creatures (others)
  A goblin (D:3)
1 creature vanquished.

Grand Total: 74 creatures vanquished

Notes
Turn   | Place    | Note
-------+----------+-------------------------------------------
     0 | D:1      | Zeld the Troll Hunter began the quest for the Orb.
     0 | D:1      | Reached XP level 1. HP: 19/19 MP: 0/0
    78 | D:1      | Reached XP level 2. HP: 25/28 MP: 1/1
   388 | D:1      | Reached skill level 1 in Maces & Flails
   388 | D:1      | Reached XP level 3. HP: 29/35 MP: 2/2
  1050 | D:2      | Noticed Jessica
  1060 | D:2      | Reached skill level 1 in Stealth
  1066 | D:2      | Killed Jessica
  1067 | D:2      | Reached XP level 4. HP: 24/42 MP: 3/3
  1127 | D:2      | Reached skill level 4 in Throwing
  1378 | D:2      | Reached XP level 5. HP: 20/49 MP: 4/4
  1822 | D:2      | Noticed Robin
  1842 | D:2      | Killed Robin
  2166 | D:3      | Killed from afar by an orc priest

Illustrated notes

Levels and vault maps discovered:
D:1:      scummos_arrival_star, layout_basic, minmay_split_cup_large
D:2:      layout_loops_cross, minmay_distorted, uniq_robin, uniq_jessica
D:3:      layout_loops_ring, grunt_temple_overflow_holy_war, minitemple,
          feat_on_display

Skill      XL: |  1  2  3  4 |
---------------+-------------+-----
Maces & Flails | 1 |  1.8
Fighting       | 2 |  2.5
Dodging        | 2 |  2.5
Stealth        | 1 |  1.3
Throwing       | 4 |  4.2

Action                   |  1- 3 |  4- 6 || total
-------------------------+-------+-------++-------
Melee: Mace              |   132 |   157 ||   289
 Stab: Sleeping          |     1 |     2 ||     3
Armor: Robe              |    94 |    58 ||   152
Dodge: Dodged            |   105 |   108 ||   213
